 Dungeon Crawl Stone Soup version 0.30-a0-457-g4b7bca3bfa (webtiles) character file.

Game seed: 13251169141970170878

471 dixiedixie the Ruffian (level 6, -2/53 HPs)
             Began as a Troll Earth Elementalist on Dec 13, 2022.
             Was a Follower of Ru.
             Slain by Pikel
             ... wielding a +0 whip of flaming
              (8 damage)
             ... on level 4 of the Dungeon.
             The game lasted 00:17:03 (2707 turns).

dixiedixie the Ruffian (Troll Earth Elementalist)   Turns: 2707, Time: 00:17:03

Health: -2/53      AC:  4    Str: 17    XL:     6   Next: 83%
Magic:  6/6        EV:  9    Int: 13    God:    Ru [*.....]
Gold:   174        SH:  0    Dex: 10    Spells: 1/7 levels left

rFire   . . .      SeeInvis .      - Unarmed
rCold   . . .      Faith    .    (no shield)
rNeg    . . .      Spirit   .    a - +0 robe
rPois   .          Reflect  .    (helmet restricted)
rElec   .          Harm     .    (no cloak)
rCorr   .          Rampage  .    (gloves unavailable)
Will    .....                    (boots unavailable)
Stlth   +.........               p - amulet of magic regeneration
HPRegen 1.08/turn                (no ring)
MPRegen 0.50/turn                (no ring)

@: unable to drink
A: large, unfitting armour, claws 3, regeneration 1, shaggy fur 1, tough skin 1,
inability to drink after injury 2
a: Renounce Religion


You were on level 4 of the Dungeon.
You worshipped Ru.
Ru was aware of your devotion.
You visited 1 branch of the dungeon, and saw 4 of its levels.

You collected 174 gold pieces.

Inventory:

Hand Weapons
 b - a +2 mace of protection
Missiles
 g - 16 stones
 i - 9 poisoned darts
 s - 4 boomerangs
 u - a boomerang of dispersal
Armour
 a - a +0 robe (worn)
Magical Staves
 m - a staff of cold
Jewellery
 p - an amulet of magic regeneration (around neck)
Wands
 t - a wand of flame (12)
Scrolls
 c - a scroll of immolation
 e - a scroll of teleportation {unknown}
 f - 3 scrolls of identify {unknown}
 j - a scroll of fog {unknown}
 v - a scroll of enchant armour {unknown}
Potions
 d - 2 potions of flight {unknown}
 h - 2 potions of attraction {unknown}
 k - 4 potions of curing {unknown}
 l - 2 potions of might {unknown}
 n - a potion of haste {unknown}
 o - 3 potions of heal wounds {unknown}
 q - 2 potions of degeneration {unknown}
 r - a potion of magic


   Skills:
 - Level 1.5 Dodging
 - Level 1.0 Stealth
 - Level 5.2 Unarmed Combat
 - Level 1.2 Spellcasting
 - Level 0.6 Transmutations
 + Level 5.0 Earth Magic


You had one spell level left.
You knew the following spells:

 Your Spells              Type           Power      Damage    Failure   Level
a - Sandblast             Erth           26%        2d8       3%          1
b - Passwall              Tmut/Erth      6%         N/A       13%         2
c - Stone Arrow           Conj/Erth      14%        3d7       28%         3

Your spell library contained the following spells:

 Spells                   Type           Power      Damage    Failure   Level
 Gell's Gravitas          Tloc           0%         N/A       63%         3
 Teleport Other           Tloc           0%         N/A       63%         3
 Petrify                  Tmut/Erth      8%         N/A       65%         4
 Dispersal                Tloc           0%         N/A       100%        6


Dungeon Overview and Level Annotations

Branches:
Dungeon (4/15)
 Temple: D:4-7

Altars:
Makhleb
Ru

Shops:
D:4 =*

Annotations:
D:2 Sigmund
D:4 Pikel


Innate Abilities, Weirdness & Mutations

You are too large for most types of armour.
You have claws for hands.
Your natural rate of healing is unusually fast.
You are covered in fur. (AC +1)
You have tough skin. (AC +1)
You sometimes lose the ability to drink potions when taking damage.


Message History

Your movement speed is average.
Your attack delay is about 0.9.
Your damage rating with unarmed combat is about 16 (Base [9 + 5 (UC)] x 117% (Str) x 100% (Fight)).
You closely miss Pikel.
Pikel is lightly wounded.
Pikel hits you with a +0 whip of flaming!
Pikel burns you.
You scratch Pikel but do no damage. Your claw misses Pikel.
Pikel is lightly wounded.
Pikel hits you with a +0 whip of flaming!
Pikel burns you.
Pikel says, "I touched Geryon's horn once."
There is an escape hatch in the floor here.
Pikel attacks as you move away!
Pikel hits you with a +0 whip of flaming.
Pikel burns you.
Pikel hits you with a +0 whip of flaming.
You feel threatened and lose the ability to drink potions!
Pikel burns you.
Pikel hits you with a +0 whip of flaming.
Pikel burns you. The lemure hits you.
* * * LOW HITPOINT WARNING * * *
Okay, then.
Okay, then.
Throw: 2 boomerangs (disperse)
Press: ? - help, Shift-Dir - straight line, f - Pikel, p - lemure
Aim: Pikel, wielding a +0 whip of flaming and wearing a +0 robe (lightly wounded, 45% to hit)
You throw a boomerang of dispersal.
The boomerang of dispersal closely misses Pikel.
Pikel hits you with a +0 whip of flaming!
* * * LOW HITPOINT WARNING * * *
Pikel burns you.
* * * LOW HITPOINT WARNING * * *
The lemure closely misses you.
Okay, then.
As you read the scroll labelled XUCLIA LUMATI, it crumbles to dust.
The creatures around you are filled with an inner flame!
It was a scroll of immolation.
Pikel hits you with a +0 whip of flaming!
You die...

# ##. ### ### ..###.#
### ... #.#..####.#
#.# #....5.55# #.#
##...5##K## ##.#
##...####@.## #..#
##.......5/..#
##..###..#######....#
#...#....# #.#..#
.........# +.#.##
.........# #...#
#........# #..##
#......#.# #.#
#......)...


You could see Pikel (inner flame) and 3 lemures.

Vanquished Creatures
  Eustachio (D:3)
  A scorpion (D:4)
  2 orc priests
  4 gnolls (D:3)
  7 adders
  2 worms (D:2)
  4 dart slugs (D:2)
  22 orcs
  4 ball pythons
  9 endoplasms
  A giant cockroach (D:3)
  2 goblins
  5 hobgoblins
  5 jackals (D:2)
  5 kobolds
  2 bats
  6 frilled lizards
  3 rats
85 creatures vanquished.

Notes
Turn   | Place    | Note
-------+----------+-------------------------------------------
     0 | D:1      | dixiedixie the Troll Earth Elementalist began the quest for
                  | the Orb.
     0 | D:1      | Reached XP level 1. HP: 16/16 MP: 1/1
    74 | D:1      | Reached skill level 1 in Unarmed Combat
   324 | D:1      | Reached XP level 2. HP: 17/24 MP: 2/2
   759 | D:1      | Learned a level 2 spell: Passwall
   918 | D:2      | Reached XP level 3. HP: 31/31 MP: 3/3
  1314 | D:2      | Reached XP level 4. HP: 23/39 MP: 0/4
  1417 | D:2      | Noticed Sigmund
  1569 | D:3      | Found a sacrificial altar of Ru.
  1579 | D:3      | Became a worshipper of Ru the Awakened
  1689 | D:3      | Reached XP level 5. HP: 43/45 MP: 2/5
  1765 | D:3      | Reached skill level 5 in Unarmed Combat
  2063 | D:3      | Found a burning altar of Makhleb.
  2075 | D:3      | Learned a level 3 spell: Stone Arrow
  2186 | D:4      | Noticed Eustachio
  2197 | D:3      | Killed Eustachio
  2198 | D:3      | Reached XP level 6. HP: 24/53 MP: 6/6
  2335 | D:4      | Found Pgyisiyssia's Practical Paraphernalia.
  2456 | D:4      | Found Vylihuor's Jewellery Shop.
  2569 | D:4      | Reached skill level 5 in Earth Magic
  2646 | D:4      | Gained mutation: You occasionally lose the ability to drink
                  | potions when taking damage. [Ru sacrifice]
  2646 | D:4      | Gained mutation: You sometimes lose the ability to drink
                  | potions when taking damage. [Ru sacrifice]
  2646 | D:4      | Reached * piety under Ru
  2688 | D:4      | Noticed Pikel
  2707 | D:4      | Slain by Pikel

Illustrated notes

Levels and vault maps discovered:
D:1:      minmay_arrival_three_doors, layout_loops_corners
D:2:      layout_basic, hangedman_abyss_or_decor_lesser_grid, uniq_sigmund
D:3:      layout_rooms, mainiacjoe_overflow_concentric_impassable,
          nicolae_ru_awakened_eye
D:4:      layout_layer_cave, serial_shops, shop, nrook_mini_vaults,
          nicolae_alphabet_shops, uniq_eustachio, uniq_pikel

Skill      XL: |  1  2  3  4  5  6 |
---------------+-------------------+-----
Unarmed Combat | 1 2 3 4 5 |  5.2
Earth Magic    | 4 5 |  5.0
Dodging        | |  1.5
Stealth        | |  1.0
Spellcasting   | |  1.2
Transmutations | |  0.6

Action                   |  1- 3 |  4- 6 || total
-------------------------+-------+-------++-------
Melee: Unarmed           |   114 |    68 ||   182
       Punch             |     1 |     2 ||     3
Throw: Boomerang         |       |     1 ||     1
 Cast: Sandblast         |    19 |    69 ||    88
Invok: Sacrifice Drink   |       |     1 ||     1
  Use: Scroll            |       |     1 ||     1
 Stab: Sleeping          |     2 |       ||     2
       Distracted        |     1 |       ||     1
Armor: Robe              |    37 |    36 ||    73
Dodge: Dodged            |    55 |    45 ||   100

Table legend: (Time is in decaauts)
 A = Elapsed time spent in this place.
 B = Non-inter-level travel time spent in this place.
 C = Inter-level travel time spent in this place.
 D = Time resting spent in this place.
 E = Time spent auto-exploring this place.
 F = Levels seen in this place.
 G = Mean time per level.
                   A        B        C        D        E       F      G
               +--------+--------+--------+--------+--------+-----+--------+
         Total |   2741 |   2679 |     62 |    303 |   1655 |   4 |  685.2 |
       Dungeon |   2741 |   2679 |     62 |    303 |   1655 |   4 |  685.2 |
               +--------+--------+--------+--------+--------+-----+--------+

Top non-repeatable levels by time:
     D:3: 817 daAuts
     D:1: 770 daAuts
     D:2: 761 daAuts
     D:4: 392 daAuts
